 Dungeon Crawl Stone Soup version 0.29-a0-973-gac7da5f7f0 (webtiles) character file.

Game seed: 2345617719996645704

55 Sobieck the Trooper (level 3, -1/33 HPs)
             Began as a Ghoul Abyssal Knight on July 31, 2022.
             Was a Priest of Lugonu.
             Slain by an orc priest
             ... wielding a +0 falchion
              (8 damage)
             ... on level 3 of the Dungeon.
             The game lasted 00:04:11 (2220 turns).

Sobieck the Trooper (Ghoul Abyssal Knight)          Turns: 2220, Time: 00:04:11

Health: -1/33      AC:  4    Str: 18    XL:     3   Next: 93%
Magic:  3/3        EV: 11    Int:  5    God:    Lugonu [***...]
Gold:   104        SH:  0    Dex: 15    Spells: 2/2 levels left

rFire   . . .      SeeInvis +   a - +1 hand axe {axe}
rCold   + . .      Faith    .   (no shield)
rNeg    + + +      Spirit   .   b - +0 leather armour
rPois   ∞          Reflect  .   (no helmet)
rElec   .          Harm     .   (no cloak)
rCorr   .          Rampage  .   k - +0 pair of gloves
Will    .....                   (no boots)
Stlth   +.........              (no amulet)
HPRegen 0.00/turn               d - +6 ring of dexterity
MPRegen 0.08/turn               c - ring of see invisible

@: inhibited regen
A: claws 1, cold resistance 1, negative energy resistance 3, inhibited
regeneration, torment resistance 2, devour on kill
a: Renounce Religion, Depart the Abyss, Bend Space, Banish


You were on level 3 of the Dungeon.
You worshipped Lugonu.
Lugonu was most pleased with you.
You visited 1 branch of the dungeon, and saw 3 of its levels.
You visited the Abyss 1 time.

You collected 104 gold pieces.


Innate Abilities, Weirdness & Mutations

You are immune to poison.
You have sharp fingernails.
Your flesh is cold resistant. (rC+)
You are immune to negative energy. (rN+++)
You do not regenerate when monsters are visible.
You are immune to unholy pain and torment.
You thrive by killing the living.


   Skills:
 + Level 3.7 Fighting
 * Level 2.7 Axes
 + Level 2.2 Armour
 - Level 1.0 Dodging
 + Level 2.5 Invocations


You had 2 spell levels left.
You didn't know any spells.
Your spell library contained the following spells:

 Spells                   Type           Power      Damage    Failure   Level
 Ozocubu's Armour         Ice            0%         N/A       88%         3
 Ozocubu's Refrigeration  Ice            0%         4d5       100%        7

Inventory:

Hand Weapons
 a - a +1 hand axe (weapon) {axe}
Armour
 b - a +0 leather armour (worn)
 h - a +0 scale mail
   (You found it on level 2 of the Dungeon)
 k - a +0 pair of gloves (worn)
   (You found it on level 3 of the Dungeon)
Jewellery
 c - a ring of see invisible (right hand)
   (You found it on level 2 of the Dungeon)
 d - a +6 ring of dexterity (left hand)
   (You found it on level 1 of the Dungeon)
Scrolls
 f - 3 scrolls of identify {unknown}
 g - a scroll of noise {unknown}
 i - a scroll of enchant armour {unknown}
Potions
 j - 2 potions of heal wounds {unknown}

Dungeon Overview and Level Annotations

Branches:
Dungeon (3/15) Zot: 15876

Altars:

..... ...#.# ##....###
..#..# ........##....#
........#....#
...(.........#
............#
......o)S.#
.....bo@..#
..........##
#####.....(#
.........#
#....#...#########
###..#.........#...##
#....###............##
...#.........>......#
.....................#


You could see an orc priest, an adder, an orc and a bat.


Message History

You hit the goblin.
You kill the goblin!
Lugonu accepts your kill.
You feel better.
f - 3 scrolls labelled FOTEBI BEOKER (gained 1)
You now have 76 gold pieces (gained 13).
There is an open door here.
You see here a +0 spear {polearm}.
Unknown command.
A dart slug comes into view.
A sourceless malevolence fills the Dungeon...
You fall into a shaft and drop 1 floor!
The shaft crumbles and collapses.
Found 26 gold pieces, a pair of gloves and 5 poisoned darts.
Found a stone staircase leading down.
Unknown command.
You see here a +0 pair of gloves.
k - a +0 pair of gloves You start putting on your armour.
You continue putting on your +0 pair of gloves. x4
You finish putting on your +0 pair of gloves.
Unknown command.
Found an escape hatch in the floor.
Unknown command.
You now have 89 gold pieces (gained 13).
You now have 104 gold pieces (gained 15).
An orc comes into view. It is wielding a +0 club.
You see here 5 poisoned darts {throwing}.
Danger!
You throw a poisoned dart {throwing}.
The poisoned dart {throwing} hits the orc.
The orc is poisoned.
The orc shouts!
An orc priest comes into view. It is wielding a +0 falchion.
Nothing quivered!
Nothing quivered!
Unknown command.
Nothing quivered!
An adder and an orc come into view.
A bat comes into view.
The orc hits you with a +0 club.
You barely miss the orc.
The orc looks more healthy.
The orc hits you with a +0 club.
You closely miss the orc. The orc hits you with a +0 club.
You are too injured to fight recklessly!
You are too injured to fight recklessly!
You are too injured to fight recklessly!
You hit the orc priest but do no damage.
You hit the orc.
The orc priest hits you with a +0 falchion.
The orc completely misses you.
An orc comes into view. It is wielding a +0 short sword.
The orc shouts!
You hit the orc priest. You barely miss the orc.
The orc priest hits you with a +0 falchion.
The orc barely misses you.
You hit the orc priest but do no damage.
You hit the orc but do no damage. You barely miss the adder.
The adder bites you but does no damage.
The orc priest hits you with a +0 falchion.
The adder bites you but does no damage.
You barely miss the orc priest. You hit the orc but do no damage.
You hit the adder. You hit the orc. The adder closely misses you.
The orc priest closely misses you. The orc hits you with a +0 club.
* * * LOW HITPOINT WARNING * * *
The orc completely misses you. The orc hits you but does no damage.
The orc hits you with a +0 club.
* * * LOW HITPOINT WARNING * * *
The orc priest hits you but does no damage.
The adder closely misses you.
You slash the orc priest! You hit the adder but do no damage.
You hit the orc. x2
You kill the orc!
Lugonu accepts your kill.
You feel better. The adder bites you.
* * * LOW HITPOINT WARNING * * *
The orc priest closely misses you. The orc hits you with a +0 whip.
* * * LOW HITPOINT WARNING * * *
Unknown command.
You hit the orc.
You kill the orc!
Lugonu accepts your kill.
You feel better.
You closely miss the orc priest. You hit the adder.
The adder closely misses you.
The orc priest hits you with a +0 falchion.
* * * LOW HITPOINT WARNING * * *
The adder bites you.
* * * LOW HITPOINT WARNING * * *
Unknown command.
You barely miss the orc priest. You barely miss the adder. You hit the orc.
The adder closely misses you. The orc priest closely misses you.
The orc hits you but does no damage.
You hit the orc priest. You closely miss the adder. You barely miss the orc.
The adder barely misses you. The orc priest closely misses you.
The orc hits you with a +0 short sword.
* * * LOW HITPOINT WARNING * * *
The adder bites you but does no damage.
Unknown command.
You closely miss the orc priest. You hit the adder. You closely miss the orc.
The orc priest hits you with a +0 falchion!
You die...

Skill      XL: |  1  2 |
---------------+-------+-----
Dodging        | 1 |  1.0
Axes           | 2 |  2.7
Armour         | 2 |  2.2
Fighting       | |  3.7
Invocations    | |  2.5

Action                   || total
-------------------------++-------
Melee: Hand axe          ||    81
       Punch             ||     1
Throw: Dart              ||    60
       Stone             ||     6
Armor: Leather armour    ||    20
Dodge: Dodged            ||    55

Levels and vault maps discovered:
D:1:      heliophobic_arrival_ceremonial_halls, layout_basic
D:2:      layout_basic, shapermc_ecumenical_altar_hornbeckon
D:3:      layout_rooms, lemuel_crystal_altar, gammafunk_temple_overflow_pools,
          grunt_decor_cap, corexii_hall_statues_deadend, minmay_misc_feat_tiny,
          uniq_robin

Notes
Turn   | Place    | Note
-------+----------+-------------------------------------------
     0 | Abyss:1  | Sobieck the Ghoul Abyssal Knight began the quest for the
                  | Orb.
     0 | Abyss:1  | Reached XP level 1. HP: 19/19 MP: 1/1
   100 | Abyss:1  | Found a corrupted altar of Lugonu.
   112 | D:1      | You pass through the gate.
   112 | D:1      | Escaped the Abyss
   313 | D:1      | Reached skill level 1 in Dodging
   339 | D:1      | Reached skill level 2 in Axes
   356 | D:1      | Reached XP level 2. HP: 26/26 MP: 2/2
   372 | D:1      | Reached skill level 2 in Armour
   962 | D:1      | You add the spells Ozocubu's Armour and Ozocubu's
                  | Refrigeration to your library.
  1277 | D:1      | Reached XP level 3. HP: 29/31 MP: 3/3
  1548 | D:2      | Reached *** piety under Lugonu
  2176 | D:2      | You fall into a shaft and drop 1 floor!
  2217 | D:3      | HP: 8/33 [adder (2)]
  2220 | D:3      | Slain by an orc priest

Vanquished Creatures
  An adder (D:2)
  A worm (D:2)
  3 dart slugs
  2 orcs (D:3)
  6 ball pythons
  An endoplasm (D:1)
  2 giant cockroaches
  5 hobgoblins
  2 quokkas
  2 bats (D:1)
  A frilled lizard (D:1)
  3 goblins
  2 kobolds (D:1)
  A rat (D:2)
32 creatures vanquished.

Vanquished Creatures (others)
  A fungus (D:2)
1 creature vanquished.

Grand Total: 33 creatures vanquished

Table legend:
 A = Non-vault XP
 B = Vault XP
 C = Vault XP percentage of total XP
 D = Non-vault monster count
 E = Vault monster count
 F = Vault count percentage of total count
                 A         B        C        D         E       F
            +---------+---------+-------+---------+---------+-------
      Total |      79 |       0 |   0.0 |      32 |       0 |   0.0
            +---------+---------+-------+---------+---------+-------
        D:1 |      37 |       0 |   0.0 |      19 |       0 |   0.0
        D:2 |      36 |       0 |   0.0 |      11 |       0 |   0.0
        D:3 |       6 |       0 |   0.0 |       2 |       0 |   0.0
            +---------+---------+-------+---------+---------+-------

Illustrated notes

Table legend:
 A = Kills in this place as a percentage of kills in entire the game.
 B = Kills by you in this place as a percentage of kills by you in the entire game.
 C = Kills by friends in this place as a percentage of kills by friends in the entire game.
 D = Other kills in this place as a percentage of other kills in the entire game.
 E = Experience gained in this place as a percentage of experience gained in the entire game.
 F = Experience gained in this place divided by the number of levels of this place that you have seen.
                   A       B       C       D       E      F
               +-------+-------+-------+-------+-------+----------------------
         Total | 100.0 | 100.0 |   N/A |   N/A | 100.0 |  19.8
       Dungeon | 100.0 | 100.0 |   N/A |   N/A | 100.0 |  26.3
               +-------+-------+-------+-------+-------+----------------------

Table legend: (Time is in decaauts)
 A = Elapsed time spent in this place.
 B = Non-inter-level travel time spent in this place.
 C = Inter-level travel time spent in this place.
 D = Time resting spent in this place.
 E = Time spent auto-exploring this place.
 F = Levels seen in this place.
 G = Mean time per level.
                   A        B        C        D        E       F      G
               +--------+--------+--------+--------+--------+-----+--------+
         Total |   2234 |   2198 |     36 |    105 |   1786 |   4 |  558.5 |
       Dungeon |   2122 |   2086 |     36 |     44 |   1786 |   3 |  707.3 |
         Abyss |    112 |    112 |      0 |     61 |      0 |   1 |  112.0 |
               +--------+--------+--------+--------+--------+-----+--------+

Top non-repeatable levels by time:
     D:1: 1396 daAuts
     D:2: 680 daAuts
 Abyss:1: 112 daAuts
     D:3: 45 daAuts
